 Dungeon Crawl Stone Soup version 0.21-a0-258-g4c0eb85 (webtiles) character file.

124 zircondrogin the Magician (level 4, -2/30 HPs)
             Began as a Mummy Ice Elementalist on Sept 7, 2017.
             Shot with an arrow by a centaur (15 damage)
             ... on level 3 of the Dungeon.
             The game lasted 00:07:52 (3199 turns).

zircondrogin the Magician (Mummy Ice Elementalist)  Turns: 3199, Time: 00:07:53

Health: -2/30      AC:  4    Str: 11    XL:     4   Next: 81%
Magic:  3/9        EV: 12    Int: 15    God:
Gold:   121        SH:  0    Dex: 12    Spells: 3/10 levels left

rFire    x . .     SeeInvis .   a - +1 dagger (protect)
rCold    + . .     Gourm    .   (no shield)
rNeg     + + +     Faith    .   g - +0 robe
rPois    ∞         Spirit   .   (no helmet)
rElec    .         Reflect  .   (no cloak)
rCorr    .         Harm     .   m - +1 pair of gloves
MR       +....                  (no boots)
Stlth    ++........             (no amulet)
HPRegen  0.10/turn              f - ring of protection from magic
MPRegen  0.11/turn              (no ring)

@: about to teleport
A: no food or potions, fire vulnerability, cold resistance 1, negative energy
resistance 3, torment resistance, unbreathing
a: no special abilities


You were on level 3 of the Dungeon.
You were not hungry.

You visited 1 branch of the dungeon, and saw 3 of its levels.

You collected 121 gold pieces.

Inventory:

Hand Weapons
 a - a +1 dagger of protection (weapon)
 d - a +0 dagger
Armour
 g - a +0 robe (worn)
 l - a +0 pair of gloves
 m - a +1 pair of gloves (worn)
Jewellery
 f - a ring of protection from magic (left hand)
Scrolls
 c - a scroll of fear {unknown}
 e - 5 scrolls of identify
 h - a scroll of teleportation
 i - a scroll of enchant weapon {unknown}
 j - a scroll of enchant armour {unknown}
 k - a scroll of fog {unknown}
 n - a scroll of remove curse {unknown}
Books
 b - a book of Frost

   Spells                             Type                      Level
   a - Freeze                         Ice                          1
   b - Throw Frost                    Conjuration/Ice              2
   c - Ozocubu's Armour               Charms/Ice                   3
   d - Throw Icicle                   Conjuration/Ice              4
   e - Summon Ice Beast               Ice/Summoning                4
 o - a book of Misfortune

   Spells                             Type                      Level
   a - Confusing Touch                Hexes                        1
   b - Confuse                        Hexes                        3
   c - Gell's Gravitas                Translocation                3
   d - Petrify                        Transmutation/Earth          4
   e - Metabolic Englaciation         Hexes/Ice                    5
   f - Yara's Violent Unravelling     Hexes/Transmutation          5


   Skills:
 - Level 0.2 Fighting
 - Level 0.4 Short Blades
 - Level 1.5 Dodging
 - Level 1.5 Stealth
 + Level 3.8 Spellcasting
 + Level 1.9 Conjurations
 + Level 1.0 Summonings
 + Level 3.3 Ice Magic


You had 3 spell levels left.
You knew the following spells:

 Your Spells              Type           Power        Failure   Level  Hunger
a - Freeze                Ice            ##..         4%          1    N/A
b - Summon Ice Beast      Ice/Summ       #.......     58%         4    N/A
g - Throw Frost           Conj/Ice       ##....       10%         2    N/A

Dungeon Overview and Level Annotations

Branches:
Dungeon (3/15)

Altars:
Fedhas
Qazlal


Innate Abilities, Weirdness & Mutations

You do not eat or drink.
Your flesh is vulnerable to fire.
You are immune to poison.
Your flesh is cold resistant. (rC+)
You are immune to negative energy. (rN+++)
You are immune to unholy pain and torment.
You can survive without breathing.


Message History

A centaur comes into view.
The centaur shouts!
The centaur wields a shortbow.
The centaur shoots an arrow.
The arrow hits you!
You see here an arrow.
You aren't carrying any items that you can evoke.
As you read the scroll labeled HODGHO IWAEPOCA, it crumbles to dust.
It is a scroll of identify.
h - 2 scrolls of teleportation
As you read the scroll of teleportation, it crumbles to dust.
You feel strangely unstable.
The centaur shoots an arrow.
The arrow hits you!
Casting: Throw Frost
Confirm with . or Enter, or press ? or * to list all spells.
Aiming: Throw Frost
Press: ? - help, Shift-Dir - straight line, f - centaur
Aim: a centaur, wielding a shortbow The puff of frost hits the centaur.
The centaur is lightly wounded.
The centaur shoots an arrow.
The arrow hits you!
Ouch! That really hurt!
You die...

#........##.#...#
#...........#...#
#.#..########...#### #
#....# #......###..
#.##.# #...##......
#..#)########...........
##..........#...........
###.######..........c..
###..# ###.##@.$.....
..#.## ###.##........
....# #...##..†.....
....# ###.####........
....# #......#........
....#####....†..........
........#......#........
...#....................
..#.#...###########


You could see a centaur.

Vanquished Creatures
  3 adders
  2 oozes (D:2)
  3 worms
  A dart slug (D:2)
  2 leopard geckos (D:2)
  6 orcs (D:3)
  A ball python (D:1)
  9 bats
  4 giant cockroaches
  2 hobgoblins
  2 jackals (D:1)
  A quokka (D:3)
  4 frilled lizards
  8 goblins
  13 kobolds
  9 rats
70 creatures vanquished.

Notes
Turn   | Place    | Note
-------+----------+-------------------------------------------
     0 | D:1      | zircondrogin the Mummy Ice Elementalist began the quest for the Orb.
     0 | D:1      | Reached XP level 1. HP: 13/13 MP: 4/4
   443 | D:1      | Reached XP level 2. HP: 5/19 MP: 3/6
   673 | D:1      | Learned a level 2 spell: Throw Frost
  1270 | D:2      | Reached XP level 3. HP: 17/24 MP: 8/8
  1447 | D:2      | Reached skill level 1 in Conjurations
  1678 | D:2      | Found a stormy altar of Qazlal.
  1680 | D:2      | Noticed an earth elemental
  1680 | D:2      | Noticed an air elemental
  1681 | D:2      | Noticed a fire elemental
  1681 | D:2      | Noticed a water elemental
  2060 | D:2      | Reached XP level 4. HP: 29/30 MP: 4/9
  2066 | D:2      | Learned a level 4 spell: Summon Ice Beast
  2786 | D:3      | Found a blossoming altar of Fedhas.
  2869 | D:3      | Found a faded altar of an unknown god.
  3194 | D:3      | Reached skill level 1 in Summonings
  3196 | D:3      | Noticed a centaur
  3199 | D:3      | Shot with an arrow by a centaur

Vault maps used:
D:1:      dpeg_arrival_refuge
D:2:      nicolae_qazlal_style_of_elements
D:3:      nicolae_overflow_hidden_temple,
          chequers_ecumenical_altar_simple_redux, minmay_shallow_snake_nest

Skill      XL: |  1  2  3  4 |
---------------+-------------+-----
Spellcasting   | 3 |  3.8
Conjurations   | 1 |  1.9
Ice Magic      | 3 |  3.3
Summonings     | 1 |  1.0
Fighting       | |  0.2
Short Blades   | |  0.4
Dodging        | |  1.5
Stealth        | |  1.5

Action                   |  1- 3 |  4- 6 || total
-------------------------+-------+-------++-------
Melee: Unarmed           |    16 |       ||    16
       Dagger            |   109 |    74 ||   183
 Cast: Freeze            |    40 |    30 ||    70
       Throw Frost       |     9 |     5 ||    14
  Use: Scroll            |       |     2 ||     2
 Stab: Sleeping          |     2 |     1 ||     3
Armor: Robe              |    42 |    38 ||    80
Dodge: Dodged            |   108 |    69 ||   177

Table legend:
 A = Spawn XP
 B = Non-spawn XP
 C = Spawn XP percentage of total XP
 D = Spawn monster count
 E = Non-spawn monster count
 F = Spawn count percentage of total count
 G = Total turns spent on level
                    A         B        C        D         E        F      G
               +---------+---------+-------+---------+---------+-------+---------
         Total |       0 |     178 |   0.0 |       0 |      70 |   0.0 |  3199
               +---------+---------+-------+---------+---------+-------+---------
           D:1 |       0 |      47 |   0.0 |       0 |      22 |   0.0 |  1447
           D:2 |       0 |      66 |   0.0 |       0 |      31 |   0.0 |  1080
           D:3 |       0 |      65 |   0.0 |       0 |      17 |   0.0 |   672
               +---------+---------+-------+---------+---------+-------+---------
